Workbook

Sheet Fixed Asset Register
A1: AssetID | B1: Description | C1: Cost | D1: ResidualValue | E1: UsefulLifeYears | F1: MonthsInUseYear1 | G1: AnnualCharge | H1: Year1Charge | I1: ClosingWDVYear1
A2: FA-001 | B2: Packaging line | C2: 12000000 | D2: 0 | E2: 10 | F2: 6 | G2: =(C2-D2)/E2 | H2: =G2*F2/12 | I2: =C2-H2
A3: FA-002 | B3: Delivery van | C3: 1800000 | D3: 150000 | E3: 8 | F3: 12 | G3: =(C3-D3)/E3 | H3: =G3*F3/12 | I3: =C3-H3
A4: FA-003 | B4: Office furniture | C4: 450000 | D4: 0 | E4: 5 | F4: 9 | G4: =(C4-D4)/E4 | H4: =G4*F4/12 | I4: =C4-H4
A5: FA-004 | B5: Server & networking | C5: 900000 | D5: 0 | E5: 4 | F5: 3 | G5: =(C5-D5)/E5 | H5: =G5*F5/12 | I5: =C5-H5
A6: FA-005 | B6: Warehouse racking | C6: 650000 | D6: 50000 | E6: 10 | F6: 12 | G6: =(C6-D6)/E6 | H6: =G6*F6/12 | I6: =C6-H6

Sheet Depreciation Schedule
A1: AssetID | B1: Description | C1: Year 1 | D1: Year 2 | E1: Year 3 | F1: Year 4 | G1: Year 5 | H1: Year 6 | I1: Year 7 | J1: Year 8 | K1: Year 9 | L1: Year 10
A2: ='Fixed Asset Register'!A2 | B2: ='Fixed Asset Register'!B2 | C2: =(MIN('Fixed Asset Register'!$E$2*12,'Fixed Asset Register'!$F$2+12*(1-1))-0)/12*'Fixed Asset Register'!$G$2 | D2: =(MIN('Fixed Asset Register'!$E$2*12,'Fixed Asset Register'!$F$2+12*(2-1))-MIN('Fixed Asset Register'!$E$2*12,'Fixed Asset Register'!$F$2+12*(1-1)))/12*'Fixed Asset Register'!$G$2 | E2: =(MIN('Fixed Asset Register'!$E$2*12,'Fixed Asset Register'!$F$2+12*(3-1))-MIN('Fixed Asset Register'!$E$2*12,'Fixed Asset Register'!$F$2+12*(2-1)))/12*'Fixed Asset Register'!$G$2 | F2: =(MIN('Fixed Asset Register'!$E$2*12,'Fixed Asset Register'!$F$2+12*(4-1))-MIN('Fixed Asset Register'!$E$2*12,'Fixed Asset Register'!$F$2+12*(3-1)))/12*'Fixed Asset Register'!$G$2 | G2: =(MIN('Fixed Asset Register'!$E$2*12,'Fixed Asset Register'!$F$2+12*(5-1))-MIN('Fixed Asset Register'!$E$2*12,'Fixed Asset Register'!$F$2+12*(4-1)))/12*'Fixed Asset Register'!$G$2 | H2: =(MIN('Fixed Asset Register'!$E$2*12,'Fixed Asset Register'!$F$2+12*(6-1))-MIN('Fixed Asset Register'!$E$2*12,'Fixed Asset Register'!$F$2+12*(5-1)))/12*'Fixed Asset Register'!$G$2 | I2: =(MIN('Fixed Asset Register'!$E$2*12,'Fixed Asset Register'!$F$2+12*(7-1))-MIN('Fixed Asset Register'!$E$2*12,'Fixed Asset Register'!$F$2+12*(6-1)))/12*'Fixed Asset Register'!$G$2 | J2: =(MIN('Fixed Asset Register'!$E$2*12,'Fixed Asset Register'!$F$2+12*(8-1))-MIN('Fixed Asset Register'!$E$2*12,'Fixed Asset Register'!$F$2+12*(7-1)))/12*'Fixed Asset Register'!$G$2 | K2: =(MIN('Fixed Asset Register'!$E$2*12,'Fixed Asset Register'!$F$2+12*(9-1))-MIN('Fixed Asset Register'!$E$2*12,'Fixed Asset Register'!$F$2+12*(8-1)))/12*'Fixed Asset Register'!$G$2 | L2: =(MIN('Fixed Asset Register'!$E$2*12,'Fixed Asset Register'!$F$2+12*(10-1))-MIN('Fixed Asset Register'!$E$2*12,'Fixed Asset Register'!$F$2+12*(9-1)))/12*'Fixed Asset Register'!$G$2
A3: ='Fixed Asset Register'!A3 | B3: ='Fixed Asset Register'!B3 | C3: =(MIN('Fixed Asset Register'!$E$3*12,'Fixed Asset Register'!$F$3+12*(1-1))-0)/12*'Fixed Asset Register'!$G$3 | D3: =(MIN('Fixed Asset Register'!$E$3*12,'Fixed Asset Register'!$F$3+12*(2-1))-MIN('Fixed Asset Register'!$E$3*12,'Fixed Asset Register'!$F$3+12*(1-1)))/12*'Fixed Asset Register'!$G$3 | E3: =(MIN('Fixed Asset Register'!$E$3*12,'Fixed Asset Register'!$F$3+12*(3-1))-MIN('Fixed Asset Register'!$E$3*12,'Fixed Asset Register'!$F$3+12*(2-1)))/12*'Fixed Asset Register'!$G$3 | F3: =(MIN('Fixed Asset Register'!$E$3*12,'Fixed Asset Register'!$F$3+12*(4-1))-MIN('Fixed Asset Register'!$E$3*12,'Fixed Asset Register'!$F$3+12*(3-1)))/12*'Fixed Asset Register'!$G$3 | G3: =(MIN('Fixed Asset Register'!$E$3*12,'Fixed Asset Register'!$F$3+12*(5-1))-MIN('Fixed Asset Register'!$E$3*12,'Fixed Asset Register'!$F$3+12*(4-1)))/12*'Fixed Asset Register'!$G$3 | H3: =(MIN('Fixed Asset Register'!$E$3*12,'Fixed Asset Register'!$F$3+12*(6-1))-MIN('Fixed Asset Register'!$E$3*12,'Fixed Asset Register'!$F$3+12*(5-1)))/12*'Fixed Asset Register'!$G$3 | I3: =(MIN('Fixed Asset Register'!$E$3*12,'Fixed Asset Register'!$F$3+12*(7-1))-MIN('Fixed Asset Register'!$E$3*12,'Fixed Asset Register'!$F$3+12*(6-1)))/12*'Fixed Asset Register'!$G$3 | J3: =(MIN('Fixed Asset Register'!$E$3*12,'Fixed Asset Register'!$F$3+12*(8-1))-MIN('Fixed Asset Register'!$E$3*12,'Fixed Asset Register'!$F$3+12*(7-1)))/12*'Fixed Asset Register'!$G$3 | K3: =(MIN('Fixed Asset Register'!$E$3*12,'Fixed Asset Register'!$F$3+12*(9-1))-MIN('Fixed Asset Register'!$E$3*12,'Fixed Asset Register'!$F$3+12*(8-1)))/12*'Fixed Asset Register'!$G$3 | L3: =(MIN('Fixed Asset Register'!$E$3*12,'Fixed Asset Register'!$F$3+12*(10-1))-MIN('Fixed Asset Register'!$E$3*12,'Fixed Asset Register'!$F$3+12*(9-1)))/12*'Fixed Asset Register'!$G$3
A4: ='Fixed Asset Register'!A4 | B4: ='Fixed Asset Register'!B4 | C4: =(MIN('Fixed Asset Register'!$E$4*12,'Fixed Asset Register'!$F$4+12*(1-1))-0)/12*'Fixed Asset Register'!$G$4 | D4: =(MIN('Fixed Asset Register'!$E$4*12,'Fixed Asset Register'!$F$4+12*(2-1))-MIN('Fixed Asset Register'!$E$4*12,'Fixed Asset Register'!$F$4+12*(1-1)))/12*'Fixed Asset Register'!$G$4 | E4: =(MIN('Fixed Asset Register'!$E$4*12,'Fixed Asset Register'!$F$4+12*(3-1))-MIN('Fixed Asset Register'!$E$4*12,'Fixed Asset Register'!$F$4+12*(2-1)))/12*'Fixed Asset Register'!$G$4 | F4: =(MIN('Fixed Asset Register'!$E$4*12,'Fixed Asset Register'!$F$4+12*(4-1))-MIN('Fixed Asset Register'!$E$4*12,'Fixed Asset Register'!$F$4+12*(3-1)))/12*'Fixed Asset Register'!$G$4 | G4: =(MIN('Fixed Asset Register'!$E$4*12,'Fixed Asset Register'!$F$4+12*(5-1))-MIN('Fixed Asset Register'!$E$4*12,'Fixed Asset Register'!$F$4+12*(4-1)))/12*'Fixed Asset Register'!$G$4 | H4: =(MIN('Fixed Asset Register'!$E$4*12,'Fixed Asset Register'!$F$4+12*(6-1))-MIN('Fixed Asset Register'!$E$4*12,'Fixed Asset Register'!$F$4+12*(5-1)))/12*'Fixed Asset Register'!$G$4 | I4: =(MIN('Fixed Asset Register'!$E$4*12,'Fixed Asset Register'!$F$4+12*(7-1))-MIN('Fixed Asset Register'!$E$4*12,'Fixed Asset Register'!$F$4+12*(6-1)))/12*'Fixed Asset Register'!$G$4 | J4: =(MIN('Fixed Asset Register'!$E$4*12,'Fixed Asset Register'!$F$4+12*(8-1))-MIN('Fixed Asset Register'!$E$4*12,'Fixed Asset Register'!$F$4+12*(7-1)))/12*'Fixed Asset Register'!$G$4 | K4: =(MIN('Fixed Asset Register'!$E$4*12,'Fixed Asset Register'!$F$4+12*(9-1))-MIN('Fixed Asset Register'!$E$4*12,'Fixed Asset Register'!$F$4+12*(8-1)))/12*'Fixed Asset Register'!$G$4 | L4: =(MIN('Fixed Asset Register'!$E$4*12,'Fixed Asset Register'!$F$4+12*(10-1))-MIN('Fixed Asset Register'!$E$4*12,'Fixed Asset Register'!$F$4+12*(9-1)))/12*'Fixed Asset Register'!$G$4
A5: ='Fixed Asset Register'!A5 | B5: ='Fixed Asset Register'!B5 | C5: =(MIN('Fixed Asset Register'!$E$5*12,'Fixed Asset Register'!$F$5+12*(1-1))-0)/12*'Fixed Asset Register'!$G$5 | D5: =(MIN('Fixed Asset Register'!$E$5*12,'Fixed Asset Register'!$F$5+12*(2-1))-MIN('Fixed Asset Register'!$E$5*12,'Fixed Asset Register'!$F$5+12*(1-1)))/12*'Fixed Asset Register'!$G$5 | E5: =(MIN('Fixed Asset Register'!$E$5*12,'Fixed Asset Register'!$F$5+12*(3-1))-MIN('Fixed Asset Register'!$E$5*12,'Fixed Asset Register'!$F$5+12*(2-1)))/12*'Fixed Asset Register'!$G$5 | F5: =(MIN('Fixed Asset Register'!$E$5*12,'Fixed Asset Register'!$F$5+12*(4-1))-MIN('Fixed Asset Register'!$E$5*12,'Fixed Asset Register'!$F$5+12*(3-1)))/12*'Fixed Asset Register'!$G$5 | G5: =(MIN('Fixed Asset Register'!$E$5*12,'Fixed Asset Register'!$F$5+12*(5-1))-MIN('Fixed Asset Register'!$E$5*12,'Fixed Asset Register'!$F$5+12*(4-1)))/12*'Fixed Asset Register'!$G$5 | H5: =(MIN('Fixed Asset Register'!$E$5*12,'Fixed Asset Register'!$F$5+12*(6-1))-MIN('Fixed Asset Register'!$E$5*12,'Fixed Asset Register'!$F$5+12*(5-1)))/12*'Fixed Asset Register'!$G$5 | I5: =(MIN('Fixed Asset Register'!$E$5*12,'Fixed Asset Register'!$F$5+12*(7-1))-MIN('Fixed Asset Register'!$E$5*12,'Fixed Asset Register'!$F$5+12*(6-1)))/12*'Fixed Asset Register'!$G$5 | J5: =(MIN('Fixed Asset Register'!$E$5*12,'Fixed Asset Register'!$F$5+12*(8-1))-MIN('Fixed Asset Register'!$E$5*12,'Fixed Asset Register'!$F$5+12*(7-1)))/12*'Fixed Asset Register'!$G$5 | K5: =(MIN('Fixed Asset Register'!$E$5*12,'Fixed Asset Register'!$F$5+12*(9-1))-MIN('Fixed Asset Register'!$E$5*12,'Fixed Asset Register'!$F$5+12*(8-1)))/12*'Fixed Asset Register'!$G$5 | L5: =(MIN('Fixed Asset Register'!$E$5*12,'Fixed Asset Register'!$F$5+12*(10-1))-MIN('Fixed Asset Register'!$E$5*12,'Fixed Asset Register'!$F$5+12*(9-1)))/12*'Fixed Asset Register'!$G$5
A6: ='Fixed Asset Register'!A6 | B6: ='Fixed Asset Register'!B6 | C6: =(MIN('Fixed Asset Register'!$E$6*12,'Fixed Asset Register'!$F$6+12*(1-1))-0)/12*'Fixed Asset Register'!$G$6 | D6: =(MIN('Fixed Asset Register'!$E$6*12,'Fixed Asset Register'!$F$6+12*(2-1))-MIN('Fixed Asset Register'!$E$6*12,'Fixed Asset Register'!$F$6+12*(1-1)))/12*'Fixed Asset Register'!$G$6 | E6: =(MIN('Fixed Asset Register'!$E$6*12,'Fixed Asset Register'!$F$6+12*(3-1))-MIN('Fixed Asset Register'!$E$6*12,'Fixed Asset Register'!$F$6+12*(2-1)))/12*'Fixed Asset Register'!$G$6 | F6: =(MIN('Fixed Asset Register'!$E$6*12,'Fixed Asset Register'!$F$6+12*(4-1))-MIN('Fixed Asset Register'!$E$6*12,'Fixed Asset Register'!$F$6+12*(3-1)))/12*'Fixed Asset Register'!$G$6 | G6: =(MIN('Fixed Asset Register'!$E$6*12,'Fixed Asset Register'!$F$6+12*(5-1))-MIN('Fixed Asset Register'!$E$6*12,'Fixed Asset Register'!$F$6+12*(4-1)))/12*'Fixed Asset Register'!$G$6 | H6: =(MIN('Fixed Asset Register'!$E$6*12,'Fixed Asset Register'!$F$6+12*(6-1))-MIN('Fixed Asset Register'!$E$6*12,'Fixed Asset Register'!$F$6+12*(5-1)))/12*'Fixed Asset Register'!$G$6 | I6: =(MIN('Fixed Asset Register'!$E$6*12,'Fixed Asset Register'!$F$6+12*(7-1))-MIN('Fixed Asset Register'!$E$6*12,'Fixed Asset Register'!$F$6+12*(6-1)))/12*'Fixed Asset Register'!$G$6 | J6: =(MIN('Fixed Asset Register'!$E$6*12,'Fixed Asset Register'!$F$6+12*(8-1))-MIN('Fixed Asset Register'!$E$6*12,'Fixed Asset Register'!$F$6+12*(7-1)))/12*'Fixed Asset Register'!$G$6 | K6: =(MIN('Fixed Asset Register'!$E$6*12,'Fixed Asset Register'!$F$6+12*(9-1))-MIN('Fixed Asset Register'!$E$6*12,'Fixed Asset Register'!$F$6+12*(8-1)))/12*'Fixed Asset Register'!$G$6 | L6: =(MIN('Fixed Asset Register'!$E$6*12,'Fixed Asset Register'!$F$6+12*(10-1))-MIN('Fixed Asset Register'!$E$6*12,'Fixed Asset Register'!$F$6+12*(9-1)))/12*'Fixed Asset Register'!$G$6
B8: Total depreciation, all assets | C8: =SUM(C2:C6) | D8: =SUM(D2:D6) | E8: =SUM(E2:E6) | F8: =SUM(F2:F6) | G8: =SUM(G2:G6) | H8: =SUM(H2:H6) | I8: =SUM(I2:I6) | J8: =SUM(J2:J6) | ... L8: =SUM(L2:L6)

Sheet Disposals
A1: AssetID | B1: DisposalDate | C1: DisposalYear (1-based) | D1: Cost | E1: AccumDepnToDisposal | F1: NBVAtDisposal | G1: DisposalProceeds | H1: Gain/(Loss)
A2: FA-003 | B2: 46188 | C2: 3 | D2: ='Fixed Asset Register'!C4 | E2: =SUM('Depreciation Schedule'!C4:INDEX('Depreciation Schedule'!C4:L4,C2)) | F2: =D2-E2 | G2: 180000 | H2: =G2-F2
A3: FA-004 | B3: 46235 | C3: 2 | D3: ='Fixed Asset Register'!C5 | E3: =SUM('Depreciation Schedule'!C5:INDEX('Depreciation Schedule'!C5:L5,C3)) | F3: =D3-E3 | G3: 420000 | H3: =G3-F3

Sheet Read Me
A1: Fixed Asset Depreciation Register — Eduints
A3: Three real, linked sheets, not just one register:
A4: 1. Fixed Asset Register: AnnualCharge, Year1Charge and ClosingWDVYear1 — live straight-line formulas.
A5: 2. Depreciation Schedule: the FULL year-by-year charge for every asset (10 years), computed with a single closed-form formula per cell that correctly produces the pro-rated first year, full years, the final pro-rated year, and zero once fully written off — with a Total row summing depreciation expense across all assets, year by year.
A6: 3. Disposals: a real gain/(loss)-on-disposal calculation, looking up each disposed asset's cost and accumulated depreciation from the other two sheets to derive net book value at disposal, then comparing it to actual proceeds.
A8: Replace the sample assets and disposals with your own — every formula recalculates automatically across all three sheets.
A10: Full explanation and worked example: https://eduints.com/guides/capitalize-or-expense-audit-view
